 Dungeon Crawl Stone Soup version 0.19-a0-1111-gcceb26a (webtiles) character file.

1303 4thArraOfDagon the Grappler (level 8, -5/68 HPs)
             Began as a Troll Arcane Marksman on Aug 10, 2016.
             Was a Believer of Vehumet.
             Killed from afar by an orc wizard (13 damage)
             ... with a puff of flame
             ... on level 7 of the Dungeon.
             The game lasted 00:09:38 (1946 turns).

4thArraOfDagon the Grappler (Troll Arcane Marksman) Turns: 1946, Time: 00:09:39

Health: -5/68      AC:  0    Str: 20    XL:     8   Next: 31%
Magic:  8/8        EV: 18    Int: 11    God:    Vehumet [**....]
Gold:   203        SH:  0    Dex:  9    Spells: 1 memorised, 8 levels left

rFire  . . .     SeeInvis .       - Unarmed
rCold  . . .     Gourm    +     (armour currently unavailable)
rNeg   . . .     Faith    .     (shield currently unavailable)
rPois  .         Spirit   .     (helmet currently unavailable)
rElec  .         Dismiss  .     (cloak currently unavailable)
rCorr  .         Reflect  .     (gloves unavailable)
SustAt .         Harm     .     (boots unavailable)
MR     .....                    (amulet currently unavailable)
Stlth  +.........               (ring currently unavailable)
                                (ring currently unavailable)

@: lethally poisoned (-5 -> -6), porcupine-form, quick
A: unfitting armour, (claws 0), fast metabolism 3, gourmand, regeneration 2,
(shaggy fur 0), (tough skin 0)
a: Renounce Religion


You were on level 7 of the Dungeon.
You worshipped Vehumet.
Vehumet was pleased with you.
You were very full.
You were a spiny porcupine.
You visited 2 branches of the dungeon, and saw 8 of its levels.
You also visited: Sewer.

You collected 203 gold pieces.

Inventory:

Missiles
 c - 12 large rocks (quivered)
 d - 2 throwing nets
Armour
 a - a +0 robe (melded)
 h - a +0 cloak (melded)
Jewellery
 t - a ring of positive energy (melded)
Wands
 m - a wand of random effects (15/48)
 p - a wand of polymorph (1/24)
Scrolls
 e - a scroll of random uselessness
 g - a scroll of recharging {unknown}
 n - a scroll of blinking {unknown}
 q - a scroll of teleportation {unknown}
 r - a scroll of immolation {unknown}
 s - a scroll of noise {unknown}
Potions
 i - a potion of heal wounds {unknown}
 j - a potion of resistance {unknown}
 k - a potion of curing
 o - a potion of ambrosia
Books
 b - a book of Debilitation

   Spells                             Type                      Level
   a - Corona                         Hexes                        1
   b - Slow                           Hexes                        2
   c - Gell's Gravitas                Hexes/Translocation          3
   d - Inner Flame                    Hexes/Fire                   3
   e - Cause Fear                     Hexes                        4
   f - Leda's Liquefaction            Hexes/Earth                  4
Comestibles
 f - 4 bread rations
 l - a meat ration


   Skills:
 - Level 0.7 Fighting
 - Level 1.7 Throwing
 - Level 1.5 Dodging
 * Level 10.0 Unarmed Combat
 - Level 1.0 Spellcasting
 - Level 2.0 Hexes


You had 8 spell levels left.
You knew the following spells:

 Your Spells              Type           Power        Failure   Level  Hunger
a - Corona                Hex            #......      17%         1    ##.....


Dungeon Overview and Level Annotations

Branches:
Dungeon (7/15)             Temple (1/1) D:6

Altars:
Fedhas
Hepliaklqana
Kikubaaqudgha
Makhleb
Pakellas
Qazlal
Ru
Vehumet
Yredelemnul


Innate Abilities, Weirdness & Mutations

You are too large for most types of armour.
((You have claws for hands.))
Your metabolism is lightning-fast.
You like to eat raw meat.
You heal very quickly.
((You are covered in fur. (AC +1)))
((You have very tough skin. (AC +2)))


Message History

The puff of flame misses you.
The puff of flame hits the howler monkey.
The howler monkey dies!
The kobold closely misses you. The centaur misses you.
The orc wizard hits you with a dagger.
* * * LOW HITPOINT WARNING * * *
The orc wizard hits you with a dagger!
* * * LOW HITPOINT WARNING * * *
The kobold wields a blowgun.
The kobold shoots a poisoned needle.
The poisoned needle hits you!
You are poisoned.
Unknown command.
Unknown command.
Unknown command.
You feel sick.
The centaur wields an uncursed shortbow.
The centaur shoots an arrow.
The arrow closely misses you.
The orc wizard gestures at you while chanting.
The puff of flame hits you!
You die...

.. ...# ... #[..# .
..#####...# .. ...
.....# !..
#.##....# .
....#..#....####.#
........c..(......
.....K)Koos.#..##.#
....oKor#o...#....
....WK####....###..
....K# ##.#.....$
....# #()......
.... #†)...... ...
h.oo..... ..
..........
c#........!
###.........


You could see a hungry ghost, a big kobold, a centaur, a scorpion, 2 orc
wizards, 2 orcs and 4 kobolds.

Vanquished Creatures
  Eustachio (D:5)
  2 centaurs
  4 giant frogs
  A killer bee (D:6)
  A howler monkey (D:4)
  A giant frog zombie (D:6)
  A jelly (D:6)
  4 orc wizards
  6 orc priests
  Jessica (D:3)
  An iguana (D:5)
  A worker ant (D:4)
  Robin (D:4)
  11 adders
  A shadow imp (D:5)
  An adder zombie (D:6)
  8 giant geckos
  19 orcs
  A ball python (D:4)
  10 giant cockroaches
  3 hobgoblins
  A quokka (D:2)
  A ball python skeleton (D:5)
  A giant gecko skeleton (D:5)
  6 giant newts (Sewer)
  7 goblins
  3 kobolds (D:7)
  A rat (D:3)
99 creatures vanquished.

Vanquished Creatures (others)
  A howler monkey (D:7)
1 creature vanquished.

Grand Total: 100 creatures vanquished

Notes
Turn   | Place    | Note
-------+----------+-------------------------------------------
     0 | D:1      | 4thArraOfDagon the Troll Arcane Marksman began the quest for the Orb.
     0 | D:1      | Reached XP level 1. HP: 18/18 MP: 1/1
     0 | D:1      | #whatswrongwiththatCOMBo
    87 | D:2      | Reached skill level 1 in Unarmed Combat
   202 | D:4      | Reached skill level 2 in Unarmed Combat
   202 | D:4      | Reached XP level 2. HP: 12/26 MP: 2/2
   256 | D:5      | Entered Level 5 of the Dungeon
   265 | D:6      | Found an oddly glowing altar of Pakellas.
   265 | D:6      | Noticed a giant frog
   267 | D:6      | Killed a giant frog
   267 | D:6      | Reached skill level 3 in Unarmed Combat
   267 | D:6      | Reached XP level 3. HP: 32/32 MP: 3/3
   267 | D:6      | Reached XP level 4. HP: 40/40 MP: 4/4
   271 | D:6      | Reached skill level 4 in Unarmed Combat
   329 | D:6      | Reached XP level 5. HP: 29/46 MP: 5/5
   385 | D:6      | Found a staircase to the Ecumenical Temple.
   395 | Temple   | Entered the Ecumenical Temple
   409 | Temple   | Became a worshipper of Vehumet
   589 | D:6      | Found a glowing drain.
   602 | D:6      | Reached skill level 5 in Unarmed Combat
   619 | Sewer    | Entered a sewer
   827 | Sewer    | Reached skill level 6 in Unarmed Combat
   827 | Sewer    | Reached XP level 6. HP: 51/54 MP: 6/6
   924 | D:5      | Reached * piety under Vehumet
   924 | D:5      | Offered knowledge of Sting by Vehumet.
  1060 | D:4      | Reached skill level 7 in Unarmed Combat
  1075 | D:4      | Reached XP level 7. HP: 28/61 MP: 7/7
  1083 | D:5      | Noticed Eustachio
  1097 | D:4      | Noticed Robin
  1104 | D:4      | Killed Robin
  1194 | D:5      | Killed Eustachio
  1194 | D:5      | Reached skill level 8 in Unarmed Combat
  1509 | D:4      | Offered knowledge of Magic Dart by Vehumet.
  1511 | D:4      | Reached ** piety under Vehumet
  1614 | D:3      | Noticed Jessica
  1620 | D:3      | Killed Jessica
  1620 | D:3      | Reached skill level 9 in Unarmed Combat
  1637 | D:3      | Found a burning altar of Makhleb.
  1790 | D:4      | Reached XP level 8. HP: 62/68 MP: 8/8
  1938 | D:7      | Offered knowledge of Static Discharge by Vehumet.
  1939 | D:7      | Turgon: What!
  1943 | D:7      | Turgon: Why Vehumet?
  1943 | D:7      | Reached skill level 10 in Unarmed Combat
  1946 | D:7      | Killed from afar by an orc wizard

Vault maps used:
D:1:      evilmike_arrival_run_for_it
D:2:      grunt_temple_overflow_open, gammafunk_temple_overflow_statue,
          trog_three_pillars_becter
D:3:      good_gods_mini_temple, first_bread, bloody_makhleb, uniq_jessica
D:4:      uniq_robin
D:5:      uniq_eustachio
D:6:      grunt_gozag_breadcrumbs, portal_sewer_entry_d, grunt_pakellas_basics
D:7:      uniq_prince_ribbit1
Temple:   chequers_temple_sunken
Sewer:    sewer_frog_island_01

Skill      XL: |  1  2  3  4  5  6  7  8 |
---------------+-------------------------+-----
Unarmed Combat | 2 3 4 6 7 9 10 | 10.0
Fighting       | |  0.7
Throwing       | |  1.7
Dodging        | |  1.5
Spellcasting   | |  1.0
Hexes          | |  2.0

Action                   |  1- 3 |  4- 6 |  7- 9 || total
-------------------------+-------+-------+-------++-------
Melee: Unarmed           |    28 |   134 |   165 ||   327
       Punch             |       |     2 |     2 ||     4
Throw: Large rock        |     1 |     6 |       ||     7
Evoke: Wand              |       |       |     1 ||     1
  Use: Scroll            |       |     1 |     1 ||     2
       Potion            |       |       |     2 ||     2
 Stab: Confused          |       |       |     1 ||     1
  Eat: Chunk             |     2 |    13 |     8 ||    23
Armor: Robe              |    12 |    56 |    43 ||   111
       Skin              |       |       |     3 ||     3
Dodge: Dodged            |    11 |    57 |    93 ||   161
